 Dungeon Crawl Stone Soup version 0.17.0-56-gd8de76c (webtiles) character file.

74 sugabear the Cudgeler (level 4, -1/27 HPs)
             Began as a Gargoyle Gladiator on Dec 6, 2015.
             Killed from afar by Sigmund (7 damage)
             ... with a puff of flame
             ... on level 3 of the Dungeon.
             The game lasted 00:02:22 (1716 turns).

sugabear the Cudgeler (Gargoyle Gladiator)          Turns: 1716, Time: 00:02:22

Health: -1/27      AC:  7    Str: 19    XL:     4   Next: 28%
Magic:  4/4        EV: 12    Int:  8    God:
Gold:   63         SH:  0    Dex: 11    Spells: 0 memorised, 3 levels left

rFire  . . .     SeeInvis .     a - +0 flail
rCold  . . .     Clarity  .     b - +0 leather armour
rNeg   + . .     SustAt   .     (no shield)
rPois  ∞         Gourm    .     c - +0 helmet
rElec  +         Spirit   .     (no cloak)
rCorr  .         Warding  .     (no gloves)
rMut   .         Stasis   .     (no boots)
MR     .....                    (no amulet)
Stlth  +.........               (no ring)
                                (no ring)

@: not resistant to hostile enchantments, very unstealthy
A: negative energy resistance 1, electricity resistance, unbreathing,
petrification resistance, rot immunity, AC +3
a: no special abilities


You were on level 3 of the Dungeon.
You were hungry.

You visited 1 branch of the dungeon, and saw 3 of its levels.

You collected 63 gold pieces.

Inventory:

Hand Weapons
 a - a +0 flail (weapon)
Missiles
 d - 3 throwing nets (quivered)
Armour
 b - a +0 leather armour (worn)
 c - a +0 helmet (worn)
Jewellery
 k - an uncursed ring of flight {unknown}
 r - an uncursed ring of flight {unknown}
Scrolls
 f - 2 scrolls of remove curse {unknown}
 i - 5 scrolls of identify {unknown}
 l - a scroll of amnesia {unknown}
 o - 2 scrolls of teleportation {unknown}
 p - a scroll of magic mapping {unknown}
Potions
 h - a potion of haste {unknown}
 m - a potion of agility {unknown}
 q - a potion of might {unknown}
Comestibles
 e - 2 bread rations
 g - a slice of pizza
 j - a beef jerky


   Skills:
 + Level 2.7 Fighting
 + Level 3.4 Maces & Flails
 + Level 1.9 Throwing
 + Level 1.2 Armour
 + Level 3.2 Dodging
 + Level 0.2 Stealth


You had 3 spell levels left.
You didn't know any spells.

Dungeon Overview and Level Annotations

Branches:
Dungeon (3/15)

Altars:

Annotations:
D:3 Sigmund


Innate Abilities, Weirdness & Mutations

You are resistant to torment.
Your stone body is resilient (AC +3).
You are immune to poison.
You resist negative energy.
You are resistant to electric shocks.
You can survive without breathing.
You are immune to petrification.
You are immune to rotting.


Message History

You hear some strange, mumbled words.
You are confused.
You miss something.
You hear some strange, mumbled words.
A puff of flame appears from out of thin air!
The puff of flame hits you! The rat bites you but does no damage.
You bump into the rock wall.
The rat bites you. Something hits you but does no damage.
You bump into the rock wall.
The rat bites you but does no damage. Something hits you!
* * * LOW HITPOINT WARNING * * *
You closely miss something. The rat closely misses you.
The rat barely misses you. Something barely misses you.
You miss something. The rat closely misses you.
You bump into the rock wall.
You feel less confused.
You hear some strange, mumbled words.
A puff of flame appears from out of thin air!
The puff of flame hits you!
You die...

### ... ...
... #.. ...
#.# #.# #.#
##.### #.#
.l..
#######.####{#
...........r@#
#######.######
#.#.... #.#...
#.#.. #.#.#
#.#<# #.###
#.#


You could see a giant gecko and a rat.

Vanquished Creatures
  An adder (D:2)
  2 oozes
  2 worms (D:2)
  A giant gecko (D:1)
  A ball python (D:2)
  5 bats
  3 giant cockroaches
  5 goblins
  3 hobgoblins
  7 jackals (D:2)
  4 kobolds
  9 giant newts (D:2)
  2 quokkas (D:2)
  6 rats
51 creatures vanquished.

Notes
Turn   | Place    | Note
--------------------------------------------------------------
     0 | D:1      | sugabear the Gargoyle Gladiator began the quest for the Orb.
     0 | D:1      | Reached XP level 1. HP: 12/12 MP: 1/1
   142 | D:1      | Reached XP level 2. HP: 12/17 MP: 2/2
   747 | D:2      | Reached XP level 3. HP: 22/22 MP: 3/3
  1143 | D:2      | Reached skill level 1 in Armour
  1143 | D:2      | Reached XP level 4. HP: 27/27 MP: 4/4
  1691 | D:3      | Noticed Sigmund
  1716 | D:3      | Killed from afar by Sigmund

Action                   |  1- 3 |  4- 6 || total
-------------------------+-------+-------++-------
Melee: Flail             |   116 |    45 ||   161
  Eat: Chunk             |       |     2 ||     2
